 Dungeon Crawl Stone Soup version 0.27.1-4-g1640c2035a (webtiles) character file.

Game seed: 10537862030333985851

69 Stomo444 the Skirmisher (level 4, 0/37 HPs)
             Began as a Demonspawn Monk on Nov 9, 2021.
             Succumbed to an adder's poison
             ... on level 1 of the Dungeon.
             The game lasted 00:02:28 (1801 turns).

Stomo444 the Skirmisher (Demonspawn Monk)           Turns: 1801, Time: 00:02:28

Health: 0/37       AC:  5    Str: 12    XL:     4   Next: 2%
Magic:  4/4        EV: 13    Int: 11    God:
Gold:   41         SH:  0    Dex: 16    Spells: 3/3 levels left

rFire    . . .     SeeInvis .   e - +0 whip
rCold    . . .     Faith    .   (no shield)
rNeg     . . .     Spirit   .   b - +0 robe
rPois    .         Reflect  .   (no helmet)
rElec    .         Harm     .   (no cloak)
rCorr    .         Rampage  .   (no gloves)
Will     .....                  (no boots)
Stlth    ++........             (no amulet)
HPRegen  0.12/turn              (no ring)
MPRegen  0.09/turn              (no ring)

@: lethally poisoned (0 -> -4)
A: thin metallic scales 2
a: no special abilities


You were on level 1 of the Dungeon.
You visited 1 branch of the dungeon, and saw 2 of its levels.

You collected 41 gold pieces.

Inventory:

Hand Weapons
 a - a +0 mace
 e - a +0 whip (weapon)
Armour
 b - a +0 robe (worn)
Scrolls
 c - a scroll of noise {unknown}
 d - a scroll of identify {unknown}


   Skills:
 * Level 3.8 Fighting
 * Level 3.5 Maces & Flails
 + Level 3.1 Dodging
 - Level 1.7 Stealth


You had 3 spell levels left.
You didn't know any spells.
Your spell library contained the following spells:

 Spells                   Type           Power      Damage    Failure   Level
 Beastly Appendage        Tmut           0%         N/A       34%         1
 Summon Small Mammal      Summ           0%         N/A       34%         1
 Call Canine Familiar     Summ           0%         N/A       71%         3
 Blade Hands              Tmut           0%         N/A       100%        5


Dungeon Overview and Level Annotations

Branches:
Dungeon (2/15)

Altars:

Annotations:
D:2 Natasha


Innate Abilities, Weirdness & Mutations

You are mostly covered in thin metallic scales. (AC +3)


Message History

The adder barely misses you. The adder bites you but does no damage.
Natasha mumbles some strange words.
You feel yourself speed up. The adder barely misses you. The adder misses you.
The adder closely misses you. The adder closely misses you.
Natasha mumbles some strange words.
The adder bites you.
There is a stone staircase leading up here.
The adder bites you but does no damage. The adder barely misses you.
You climb upwards.
There is a stone staircase leading down here.
You aren't carrying any potions.
Unknown command.
You completely miss the adder. The adder bites you but does no damage.
You closely miss the adder. The adder bites you.
* * * LOW HITPOINT WARNING * * *
You barely miss the adder. The adder bites you.
* * * LOW HITPOINT WARNING * * *
You are poisoned.
The adder poisons you!
* * * LOW HITPOINT WARNING * * *
You feel sick.
You feel sick. The adder barely misses you.
You feel sick.
You feel sick.
You feel sick. The adder misses you.
You feel sick.
You feel sick.
You are no longer poisoned.
The adder bites you but does no damage. The adder bites you.
* * * LOW HITPOINT WARNING * * *
You are lethally poisoned!
The adder poisons you!
* * * LOW HITPOINT WARNING * * *
You feel sick.
You die...

#.# #..............
#.# #..............
#.# #..............
#.# #.)............
#.###..............
#..................
#..................
#..........####....
#.@#....#..........
####..#....#..#.......
#.....S....#..........
####..#....#..#.###...
#.......#..........
#..#....#..#.###...
#..#....#..........
#..................
##.#..)............


You could see an adder.

Vanquished Creatures
  5 adders (D:2)
  5 endoplasms (D:1)
  A giant cockroach (D:1)
  A goblin (D:2)
  A hobgoblin (D:2)
  4 kobolds
  2 ball pythons (D:1)
  3 bats
  2 frilled lizards
  A rat (D:1)
25 creatures vanquished.

Notes
Turn   | Place    | Note
-------+----------+-------------------------------------------
     0 | D:1      | Stomo444 the Demonspawn Monk began the quest for the Orb.
     0 | D:1      | Reached XP level 1. HP: 18/18 MP: 1/1
   185 | D:1      | Found a faded altar of an unknown god.
   693 | D:1      | Gained mutation: You are partially covered in thin metallic
                  | scales. (AC +2) [demonic ancestry]
   693 | D:1      | Reached XP level 2. HP: 21/24 MP: 2/2
  1055 | D:2      | Reached XP level 3. HP: 11/29 MP: 3/3
  1609 | D:2      | Gained mutation: You are mostly covered in thin metallic
                  | scales. (AC +3) [demonic ancestry]
  1609 | D:2      | Reached XP level 4. HP: 37/37 MP: 4/4
  1738 | D:2      | Got Tefow's Grimoire of Transformation and Calling
  1740 | D:2      | Noticed Natasha
  1800 | D:1      | HP: 1/37 [poisoned by an adder]
  1801 | D:1      | Succumbed to an adder's poison

Illustrated notes

Levels and vault maps discovered:
D:1:      erik_arrival_blinker_ship, layout_basic,
          ebering_ecumenical_altar_petrified
D:2:      layout_basic, hangedman_decor_lopped, minmay_snake_closets,
          uniq_natasha, uniq_robin

Skill      XL: |  1  2 |
---------------+-------+-----
Maces & Flails | 3 |  3.5
Dodging        | 3 |  3.1
Fighting       | |  3.8
Stealth        | |  1.7

Action                   |  1- 3 |  4- 6 || total
-------------------------+-------+-------++-------
Melee: Mace              |    89 |       ||    89
       Whip              |     4 |    13 ||    17
 Stab: Sleeping          |     2 |       ||     2
Armor: Robe              |    24 |    17 ||    41
Dodge: Dodged            |    78 |    28 ||   106
